 Dungeon Crawl Stone Soup version 0.29-a0-559-g359e09b9d1 (webtiles) character file.

Game seed: 6870244653372597694

6 Hubjo the Insei (level 1, -1/15 HPs)
             Began as a Demonspawn Transmuter on June 10, 2022.
             Slain by a kobold
             ... wielding a +0 whip
              (4 damage)
             ... on level 1 of the Dungeon.
             The game lasted 00:00:13 (231 turns).

Hubjo the Insei (Demonspawn Transmuter)              Turns: 231, Time: 00:00:13

Health: -1/15      AC:  2    Str: 10    XL:     1   Next: 75%
Magic:  2/3        EV: 12    Int: 14    God:
Gold:   17         SH:  0    Dex: 13    Spells: 3/4 levels left

rFire   . . .      SeeInvis .     - Unarmed
rCold   . . .      Faith    .   (no shield)
rNeg    . . .      Spirit   .   a - +0 robe
rPois   .          Reflect  .   (helmet currently unavailable)
rElec   .          Harm     .   (no cloak)
rCorr   .          Rampage  .   (no gloves)
Will    .....                   (boots currently unavailable)
Stlth   +.........              (no amulet)
HPRegen 0.05/turn               (no ring)
MPRegen 0.08/turn               (no ring)

@: appendages
A: horns 2, talons 2
a: End Transformation


You were on level 1 of the Dungeon.
You had temporarily grown beastly horns and talons.
You visited 1 branch of the dungeon, and saw 1 of its levels.

You collected 17 gold pieces.

Inventory:

Armour
 a - a +0 robe (worn)
Jewellery
 d - an amulet of guardian spirit
Potions
 b - a potion of lignification
 c - a potion of flight {unknown}


   Skills:
 * Level 1.3 Fighting
 - Level 1.7 Dodging
 + Level 0.2 Stealth
 + Level 2.7 Unarmed Combat
 + Level 2.0 Spellcasting
 + Level 1.8 Transmutations


You had 3 spell levels left.
You knew the following spells:

 Your Spells              Type           Power      Damage    Failure   Level
a - Beastly Appendage     Tmut           12%        N/A       11%         1

Your spell library contained the following spells:

 Spells                   Type           Power      Damage    Failure   Level
 Wereblood                Tmut           6%         N/A       17%         2
 Magic Dart               Conj           4%         1d3       24%         1
 Call Imp                 Summ           1%         N/A       34%         2
 Spider Form              Tmut/Pois      4%         N/A       43%         3
 Mephitic Cloud           Conj/Pois/Air  1%         N/A       56%         3
 Ice Form                 Ice/Tmut       4%         N/A       85%         4


Dungeon Overview and Level Annotations

Branches:
Dungeon (1/15)

Altars:


Innate Abilities, Weirdness & Mutations

You have temporarily grown beastly horns and talons.


Message History

There are monsters nearby!
You grow a pair of large bovine horns.
Your feet morph into talons.
A jackal comes into view.
The ball python hisses angrily.
You hear a shout!
The ball python misses you. The ball python barely misses you.
A kobold comes into view. It is wielding a +0 dagger.
The ball python bites you. The ball python grabs you.
The ball python constricts you. The ball python closely misses you.
You hear a bark!
You closely miss the ball python.
The ball python bites you but does no damage. x2
The ball python constricts you.
You hit the ball python.
You kill the ball python!
The kobold hits you with a +0 whip.
The ball python bites you but does no damage.
The ball python grabs you. The ball python constricts you.
You barely miss the ball python.
You claw the ball python, but do no damage.
You headbutt the ball python.
You kill the ball python!
The kobold closely misses you.
You closely miss the kobold. Your kick misses the kobold.
The kobold hits you but does no damage. The kobold barely misses you.
You miss the kobold. You claw the kobold. Your headbutt misses the kobold.
The kobold is moderately wounded.
The kobold hits you with a +0 dagger. The kobold hits you with a +0 whip.
A jackal comes into view.
You are too injured to fight recklessly!
You are too injured to fight recklessly!
You are too injured to fight recklessly!
You are too injured to fight recklessly!
You are too injured to fight recklessly!
You barely miss the kobold.
The kobold is moderately wounded.
The jackal barks!
You hear a bark!
The kobold hits you with a +0 dagger.
* * * LOW HITPOINT WARNING * * *
The kobold hits you with a +0 whip.
You die...

#....##.# ###.
#.####...###.#
##
#............#
########.#####
#.# #.# #.#
#.#### #..@K#
#.K#..#
h...###....
#.##.. .#### #
... # ....
##...# ##.


You could see a jackal and 2 kobolds.

Vanquished Creatures
  A bat (D:1)
  An endoplasm (D:1)
  2 ball pythons (D:1)
  A kobold (D:1)
  2 rats (D:1)
7 creatures vanquished.

Notes
Turn   | Place    | Note
-------+----------+-------------------------------------------
     0 | D:1      | Hubjo the Demonspawn Transmuter began the quest for the
                  | Orb.
     0 | D:1      | Reached XP level 1. HP: 15/15 MP: 3/3
   231 | D:1      | Slain by a kobold

Illustrated notes

Levels and vault maps discovered:
D:1:      dpeg_arrival_orchard, layout_loops_corners, basic_ecumenical_altar

Action                   || total
-------------------------++-------
Melee: Unarmed           ||    17
       Kick              ||     3
       Headbutt          ||     2
 Cast: Beastly Appendage ||     4
Armor: Robe              ||     5
Dodge: Dodged            ||     8

Table legend: (Time is in decaauts)
 A = Elapsed time spent in this place.
 B = Non-inter-level travel time spent in this place.
 C = Inter-level travel time spent in this place.
 D = Time resting spent in this place.
 E = Time spent auto-exploring this place.
 F = Levels seen in this place.
 G = Mean time per level.
                   A        B        C        D        E       F      G
               +--------+--------+--------+--------+--------+-----+--------+
         Total |    230 |    230 |      0 |      0 |    187 |   1 |  230.0 |
       Dungeon |    230 |    230 |      0 |      0 |    187 |   1 |  230.0 |
               +--------+--------+--------+--------+--------+-----+--------+

Top non-repeatable levels by time:
     D:1: 230 daAuts
